Map: Lightshade LE

Players

Hydropic

  • Race: Zerg Zerg
  • League: Diamond
  • Spawn Location: 11:00

MadMan - Winner!

  • Race: Zerg Zerg
  • League: Platinum
  • Spawn Location: 5:00

VOD

Have the link to the VOD?

Description

Time

  • Played on: Jan. 3, 2021, 2:35 p.m.
  • Length: 15:58
Show
View Real Time Build Order
Export as new Build Order

Hydropic Zerg 

Build Orders: Hatch First 

Get SALT Encoding   

  12  0:00  Drone  
  13  0:13  Overlord  
  13  0:17  Drone  
  14  0:31  Drone x2  
  14  0:35  Drone  
  17  0:52  Hatchery  
  17  0:55  Drone  
  17  0:58  Drone  
  18  1:09  Extractor  
  17  1:13  Spawning Pool  
  17  1:16  Drone  
  17  1:19  Drone  
  18  1:29  Drone  
  19  1:40  Overlord  
  19  1:54  Drone  
  20  2:01  Zergling x2, Queen  
  21  2:04  Drone, Queen  
  26  2:11  Drone  
  26  2:13  Metabolic Boost  
  27  2:19  Zergling x2  
  28  2:25  Drone  
  29  2:30  Drone  
  30  2:43  Drone x2  
  32  2:45  Hatchery  
  31  2:55  Drone x3  
  31  2:57  Zergling x2  
  35  3:05  Evolution Chamber  
  34  3:07  Evolution Chamber  
  34  3:09  Baneling Nest  
  32  3:13  Drone x4  
  36  3:34  Overlord x2  
  36  3:37  Overlord  
  36  3:53  Zergling x10, Spine Crawler  
  40  3:56  Zergling x2  
  41  4:02  Spine Crawler  
  37  4:10  Zergling x4  
  37  4:12  Baneling  
  37  4:15  Baneling  
  37  4:17  Zergling x4  
  37  4:23  Queen  
  41  4:33  Drone x2  
  43  4:39  Roach Warren  
  43  4:40  Zergling x2  
  43  4:41  Zergling x2  
  43  4:53  Drone x2  
  43  4:58  Baneling x2  
  43  4:59  Drone, Queen  
  48  5:17  Drone x5  
  48  5:21  Extractor, Drone x3, Queen  
  48  5:55  Roach x3  
  48  5:56  Overlord x2, Zergling x2  
  48  5:57  Overlord  
  48  6:15  Extractor  
  48  6:17  Roach  
  48  6:18  Zergling x14  
  56  6:29  Roach x2  
  60  6:34  Drone  
  61  6:42  Drone x4  
  65  6:52  Baneling x2  
  65  6:53  Baneling x2  
  65  6:55  Drone x2  
  67  7:09  Overlord x2  
  67  7:18  Hatchery  
  65  7:24  Roach  
  60  7:37  Roach  
  60  7:38  Roach x11  
  84  7:49  Overlord  
  84  7:50  Overlord  
  84  8:09  Ravager x4  
  84  8:11  Zergling x8  
  92  8:13  Overlord  
  92  8:14  Overlord x2  
  92  8:17  Extractor  
  91  8:30  Overlord x3  
  88  8:47  Roach x6  
  93  8:55  Roach x3  
  99  9:01  Hatchery  
  96  9:07  Roach  
  96  9:08  Roach x4  
  94  9:15  Roach  
  76  9:27  Roach x4  
  76  9:30  Roach x3  
  88  9:32  Ravager  
  88  9:33  Zergling x2  
  90  9:49  Zergling x10  
  90  9:51  Ravager  
  90  9:52  Ravager x2  
  98  10:03  Zergling x10  
  102  10:17  Drone x6, Queen  
  110  10:24  Drone x3  
  113  10:29  Evolution Chamber x2  
  113  10:33  Drone x3  
  113  10:34  Drone  
  111  10:47  Roach x7  
  124  10:51  Lair  
  124  10:53  Ravager x4  
  124  10:54  Ravager  
  129  11:15  Extractor  
  129  11:17  Extractor, Roach  
  129  11:18  Roach x6  
  141  11:19  Zergling x8  
  145  11:27  Zergling x2  
  145  11:30  Overlord x4  
  146  11:45  Zerg Missile Weapons Level 1  
  144  11:53  Roach  
  144  11:54  Roach x10  
  165  12:03  Spore Crawler  
  165  12:05  Spore Crawler  
  165  12:06  Spore Crawler  
  157  12:08  Spore Crawler  
  157  12:09  Roach  
  157  12:10  Roach x6  
  157  12:12  Zergling x6  
  173  12:18  Spore Crawler  
  173  12:22  Spore Crawler x3  
  169  12:27  Overlord x2  
  169  12:28  Overlord  
  169  12:35  Hydralisk Den  
  163  12:57  Spore Crawler  
  161  13:01  Overlord x3, Spore Crawler  
  161  13:02  Overlord  
  160  13:09  Hydralisk  
  160  13:10  Hydralisk x6  
  174  13:19  Hydralisk  
  171  13:20  Hydralisk x2  
  171  13:26  Drone x2  
  177  13:40  Zerg Missile Weapons Level 2  
  175  13:44  Hydralisk x2  
  175  14:00  Hydralisk  
  175  14:01  Hydralisk x3  
  171  14:15  Hydralisk x3  
  170  14:23  Hydralisk x2  
  155  14:34  Glial Reconstitution  
  155  14:37  Hydralisk x2  
  159  14:51  Hydralisk x2  
  159  14:52  Hydralisk x2  
  143  14:59  Hydralisk  
  109  15:03  Hydralisk  
  72  15:15  Hydralisk  
  72  15:16  Hydralisk x2  
  70  15:21  Hydralisk  
  70  15:22  Hydralisk  
  70  15:28  Drone x3  
  77  15:44  Lurker Den  
Show
View Real Time Build Order
Export as new Build Order

MadMan Zerg - Winner!

Build Orders: Hatch First 

Get SALT Encoding   

  12  0:00  Drone  
  13  0:12  Overlord  
  13  0:16  Drone  
  14  0:31  Drone x2  
  16  0:46  Drone  
  17  0:52  Hatchery  
  16  1:07  Spawning Pool  
  16  1:09  Extractor  
  16  1:10  Drone  
  15  1:14  Drone  
  16  1:23  Drone x2  
  18  1:36  Drone  
  19  1:45  Overlord  
  19  1:53  Drone  
  20  1:54  Queen  
  22  2:05  Zergling x4  
  22  2:08  Queen  
  26  2:16  Drone x2  
  26  2:21  Metabolic Boost  
  28  2:26  Drone x2  
  28  2:28  Evolution Chamber  
  29  2:37  Zergling x4  
  31  2:55  Zergling x4  
  33  3:10  Zergling x6  
  36  3:13  Hatchery, Lair  
  33  3:29  Overlord  
  33  3:30  Overlord  
  32  3:36  Overlord x2  
  31  3:48  Overlord x2  
  31  3:49  Drone  
  31  3:50  Zergling x2  
  31  3:52  Zergling x2  
  34  3:58  Zerg Missile Weapons Level 1  
  32  4:10  Zergling x4  
  32  4:11  Zergling x2  
  32  4:15  Zergling x2  
  36  4:23  Drone  
  37  4:25  Roach Warren  
  36  4:32  Zergling x2  
  36  4:33  Zergling x2  
  36  4:35  Drone  
  39  4:45  Zergling x2  
  39  4:47  Zergling x2  
  39  4:50  Zergling x6  
  43  4:58  Zergling x4, Spine Crawler  
  44  5:00  Spine Crawler  
  44  5:05  Drone x2  
  44  5:07  Drone  
  46  5:17  Queen  
  48  5:40  Zergling x2  
  40  5:43  Zergling x6  
  40  5:45  Zergling x10  
  45  5:56  Zergling x6  
  42  6:05  Roach  
  42  6:08  Roach, Drone  
  46  6:12  Queen  
  46  6:18  Zergling x2  
  49  6:20  Drone  
  50  6:33  Drone x4  
  54  6:40  Zerg Melee Weapons Level 1  
  54  6:41  Glial Reconstitution  
  54  6:48  Pneumatized Carapace  
  54  6:59  Roach x3  
  58  7:03  Drone  
  58  7:04  Spine Crawler  
  58  7:06  Drone  
  59  7:12  Overlord  
  59  7:13  Drone  
  59  7:14  Drone  
  59  7:38  Roach x4  
  59  7:40  Drone x6  
  59  7:41  Drone  
  59  7:43  Extractor x2  
  72  7:50  Overlord  
  72  7:51  Overlord, Drone  
  73  8:05  Roach x3  
  79  8:19  Roach x2  
  83  8:26  Roach  
  84  8:28  Drone x3  
  84  8:33  Drone x2  
  89  8:35  Spine Crawler  
  89  8:36  Spine Crawler  
  81  8:49  Roach x4  
  84  9:06  Roach x2  
  76  9:12  Roach x3  
  76  9:13  Roach  
  78  9:22  Roach x3  
  82  9:28  Drone x3  
  85  9:36  Extractor  
  85  9:37  Drone x2  
  86  9:39  Drone  
  86  9:40  Extractor  
  86  9:41  Extractor  
  86  9:44  Zerg Missile Weapons Level 2  
  85  9:49  Hatchery, Drone x2  
  85  9:50  Evolution Chamber  
  85  9:53  Hatchery  
  84  10:08  Roach, Zergling x6  
  89  10:15  Drone  
  89  10:16  Drone x2  
  92  10:22  Zerg Ground Armor Level 1  
  92  10:25  Drone x2  
  92  10:26  Drone x3  
  97  10:31  Spire  
  97  10:44  Roach x3  
  97  10:45  Roach  
  105  10:50  Extractor  
  105  10:55  Hatchery  
  103  11:02  Drone x3  
  103  11:03  Overlord x3  
  106  11:17  Zergling x6  
  106  11:18  Overlord x2  
  106  11:45  Mutalisk x4  
  106  11:46  Mutalisk x6  
  116  11:53  Roach  
  116  11:54  Roach  
  118  12:05  Roach  
  118  12:06  Roach x2  
  128  12:08  Roach x3  
  128  12:09  Roach  
  128  12:15  Zerg Flyer Weapons Level 1  
  132  12:18  Roach x2  
  136  12:29  Roach  
  142  12:30  Roach x3  
  143  12:40  Roach, Drone x4  
  149  12:48  Roach x2  
  151  12:53  Roach x2  
  151  12:54  Roach  
  151  12:55  Overlord x3  
  156  13:03  Drone  
  156  13:04  Drone  
  156  13:05  Overlord x3  
  158  13:06  Infestation Pit  
  158  13:12  Ravager  
  158  13:22  Roach x3  
  158  13:26  Roach  
  158  13:27  Roach  
  168  13:37  Roach x3  
  173  13:45  Roach x3  
  173  13:46  Roach x3  
  173  13:47  Drone x2  
  187  13:50  Drone x3  
  187  13:52  Roach  
  187  13:55  Drone  
  193  13:59  Roach x3  
  191  14:07  Roach x4  
  183  14:18  Roach x3  
  183  14:19  Roach  
  183  14:22  Roach x3  
  197  14:27  Roach  
  199  14:52  Roach x4  
  177  14:53  Roach x5  
  177  14:54  Roach x4, Drone  
  158  15:01  Roach  
  158  15:04  Roach x2  
  158  15:06  Roach x2  
  136  15:10  Roach  
  122  15:21  Zergling x10  
  111  15:27  Mutalisk x4  
  122  15:32  Roach  
  124  15:39  Roach x2  
Tags
 
Add a new tag
Caveats
  • Supply blocks, unpowered buildings, or Contaminate may cause inaccurate times.
  • Supply counts are checked every 10 seconds.